 Dungeon Crawl Stone Soup version 0.23-a0-451-g1044d4c (webtiles) character file.

48 Dfrag the Firebug (level 3, 0/42 HPs)
             Began as a Naga Fire Elementalist on Nov 23, 2018.
             Slain by Sigmund
             ... wielding a +0 scythe
              (4 damage)
             ... on level 2 of the Dungeon.
             The game lasted 00:01:49 (711 turns).

Dfrag the Firebug (Naga Fire Elementalist)           Turns: 711, Time: 00:01:49

Health: 0/42       AC: 21    Str: 10    XL:     3   Next: 72%
Magic:  11/15      EV:  1    Int: 16    God:
Gold:   67         SH:  0    Dex: 11    Spells: 3/7 levels left

rFire    + . .     SeeInvis +   (no weapon)
rCold    + . .     Gourm    .   (no shield)
rNeg     + + +     Faith    .   (armour currently unavailable)
rPois    +         Spirit   .   (helmet currently unavailable)
rElec    +         Reflect  .   (cloak currently unavailable)
rCorr    +         Harm     .   (gloves currently unavailable)
MR       .....     NoTele   +   (no barding)
Stlth    +++.......             (no amulet)
HPRegen  0.14/turn              f - ring of stealth
MPRegen  0.14/turn              k - ring of magical power

@: short of breath, tree-form, resistant, hasted, very quick
A: large, see invisible, slow metabolism 1, spit poison 1, AC +1
a: Spit Poison


You were on level 2 of the Dungeon.
You were not hungry.
You were a tree.
You visited 1 branch of the dungeon, and saw 2 of its levels.

You collected 67 gold pieces.

Inventory:

Armour
 a - a +0 robe (melded)
Jewellery
 f - a ring of stealth (left branch)
 k - a ring of magical power (right branch)
Scrolls
 b - a scroll of amnesia {unknown}
 g - a scroll of remove curse {unknown}
 j - a scroll of fog {unknown}
 l - a scroll of fear {unknown}
Comestibles
 c - 3 rations


   Skills:
 - Level 1.5 Dodging
 - Level 3.0 Stealth
 + Level 2.6 Spellcasting
 + Level 2.1 Conjurations
 + Level 3.6 Fire Magic


You had 3 spell levels left.
You knew the following spells:

 Your Spells              Type           Power        Failure   Level  Hunger
a - Flame Tongue          Conj/Fire      ##...        6%          1    #......
b - Conjure Flame         Conj/Fire      ##......     19%         3    ###....

Your spell library contained the following spells:

 Spells                   Type           Power        Failure   Level  Hunger
 Throw Flame              Conj/Fire      ##....       9%          2    ##.....
 Inner Flame              Hex/Fire       #.......     28%         3    ###....
 Sticky Flame             Conj/Fire      ##......     52%         4    #####..
 Fireball                 Conj/Fire      ##........   86%         5    ######.


Dungeon Overview and Level Annotations

Branches:
Dungeon (2/15)

Altars:

Annotations:
D:2 Sigmund


Innate Abilities, Weirdness & Mutations

You cannot wear boots.
((Your serpentine skin is tough. (AC +1)))
You have supernaturally acute eyesight. (SInv)
((Armour fits poorly on your strangely shaped body.))
((Your system is resistant to poisons. (rPois)))
((You cover ground very slowly.))
You have a slow metabolism.
You can spit poison.


Message History

Aiming: Flame Tongue (safe; 6% risk of failure)
Press: ? - help, Shift-Dir - straight line, f/p - Sigmund
Aim: Sigmund, wielding a +0 scythe and wearing a +0 robe (moderately wounded)
The flame tongue hits Sigmund.
Sigmund is severely wounded.
Sigmund hits you but does no damage.
Unknown command.
Casting: Flame Tongue (safe; 6% risk of failure)
Confirm with . or Enter, or press ? or * to list all spells.
Aiming: Flame Tongue (safe; 6% risk of failure)
Press: ? - help, Shift-Dir - straight line, f/p - Sigmund
Aim: Sigmund, wielding a +0 scythe and wearing a +0 robe (severely wounded)
The flame tongue hits Sigmund.
Sigmund appears unharmed.
Sigmund is severely wounded.
Unknown command.
Press: ? - help, Shift-Dir - straight line, f/p - Sigmund
Aim: Sigmund, wielding a +0 scythe and wearing a +0 robe (severely wounded)
The splash of poison misses Sigmund.
You feel slightly more hungry. Sigmund hits you with a +0 scythe.
You die...

#.#.##.#......'†...
#.#.##.#......####.
......>#......# #.
#.#.########### #. #.#.#
#. . #.#.##############.
..####.#................
.......@.###############
##.....♣.# #.....%.#
#.......# #.......#
#####.### .. .#. #(#. .
#.


You could see Sigmund.

Vanquished Creatures
  A gnoll (D:1)
  An ooze (D:1)
  2 dart slugs (D:1)
  2 leopard geckos
  6 bats (D:1)
  A giant cockroach (D:2)
  A goblin (D:1)
  4 hobgoblins (D:1)
  2 jackals (D:1)
  3 kobolds (D:1)
  A ball python (D:1)
  A frilled lizard (D:1)
  4 rats (D:1)
29 creatures vanquished.

Notes
Turn   | Place    | Note
-------+----------+-------------------------------------------
     0 | D:1      | Dfrag the Naga Fire Elementalist began the quest for the
                  | Orb.
     0 | D:1      | Reached XP level 1. HP: 15/15 MP: 3/3
   142 | D:1      | Reached XP level 2. HP: 21/22 MP: 3/5
   224 | D:1      | Reached XP level 3. HP: 22/28 MP: 0/6
   682 | D:2      | Noticed Sigmund
   688 | D:2      | Learned a level 3 spell: Conjure Flame
   696 | D:2      | HP: 1/28 [leopard gecko (2)]
   711 | D:2      | Slain by Sigmund

Vault maps used:
D:1:      dpeg_arrival_ternary
D:2:      uniq_sigmund

Skill      XL: |  1  2  3 |
---------------+----------+-----
Conjurations   | 2 |  2.1
Dodging        | |  1.5
Stealth        | |  3.0
Spellcasting   | |  2.6
Fire Magic     | |  3.6

Action                   || total
-------------------------++-------
Melee: Unarmed           ||     2
 Cast: Flame Tongue      ||    43
 Abil: Spit Poison       ||    16
  Use: Potion            ||     4
Armor: Robe              ||     9
       Skin              ||    11
Dodge: Dodged            ||    21

Table legend:
 A = Non-vault XP
 B = Vault XP
 C = Vault XP percentage of total XP
 D = Non-vault monster count
 E = Vault monster count
 F = Vault count percentage of total count
                 A         B        C        D         E       F
            +---------+---------+-------+---------+---------+-------
      Total |      69 |       0 |   0.0 |      29 |       0 |   0.0
            +---------+---------+-------+---------+---------+-------
        D:1 |      64 |       0 |   0.0 |      27 |       0 |   0.0
        D:2 |       5 |       0 |   0.0 |       2 |       0 |   0.0
            +---------+---------+-------+---------+---------+-------
